 Dungeon Crawl Stone Soup version 0.21-a0-442-g848f44b (webtiles) character file.

156 tof the Twirler (level 5, 0/39 HPs)
             Began as a Demonspawn Gladiator on Nov 12, 2017.
             Succumbed to an orc's poison
             ... on level 3 of the Dungeon.
             The game lasted 00:06:14 (3481 turns).

tof the Twirler (Demonspawn Gladiator)              Turns: 3481, Time: 00:06:14

Health: 0/39       AC:  6    Str: 15    XL:     5   Next: 15%
Magic:  5/5        EV: 11    Int:  9    God:
Gold:   135        SH:  0    Dex: 15    Spells: 4/4 levels left

rFire    . . .     SeeInvis .   a - +0 quarterstaff
rCold    + . .     Gourm    .   (shield currently unavailable)
rNeg     . . .     Faith    .   m - +0 scale mail
rPois    .         Spirit   .   (helmet restricted)
rElec    .         Reflect  .   (no cloak)
rCorr    .         Harm     .   (no gloves)
MR       .....                  (no boots)
Stlth    ..........             (no amulet)
HPRegen  0.13/turn              (no ring)
MPRegen  0.09/turn              (no ring)

@: lethally poisoned (0 -> -9)
A: antennae 1, talons 1, cold resistance 1, freezing cloud immunity
a: no special abilities


You were on level 3 of the Dungeon.
You were not hungry.

You visited 1 branch of the dungeon, and saw 3 of its levels.

You collected 135 gold pieces.

Inventory:

Hand Weapons
 a - a +0 quarterstaff (weapon)
Missiles
 d - 4 throwing nets (quivered)
Armour
 c - a +0 helmet
 m - a +0 scale mail (worn)
Scrolls
 b - a scroll of identify {unknown}
 e - a scroll of enchant armour {unknown}
 g - a scroll of enchant weapon {unknown}
 h - a scroll of fog {unknown}
 k - a scroll of recharging {unknown}
 o - a scroll of fear {unknown}
 p - a scroll of immolation {unknown}
Potions
 i - a potion of brilliance
 n - a potion of curing {unknown}
 q - a potion of degeneration {unknown}
Comestibles
 f - a bread ration
 r - 2 royal jellies


   Skills:
 + Level 2.5 Fighting
 * Level 3.7 Staves
 * Level 3.1 Throwing
 + Level 1.3 Armour
 + Level 3.1 Dodging


You had 4 spell levels left.
You didn't know any spells.

Dungeon Overview and Level Annotations

Branches:
Dungeon (3/15)

Altars:

Annotations:
D:3 Demitroll's ghost, amateur DsGl


Innate Abilities, Weirdness & Mutations

You have a pair of small antennae on your head.
You have sharp toenails.
Your flesh is cold resistant. (rC+)
You are immune to freezing clouds.


Message History

The orc priest invokes the aid of Beogh against you.
Pain shoots through your body!
You closely miss the orc priest. Your kick misses the orc priest.
The orc priest is heavily wounded.
You feel sick. The orc barely misses you.
The orc priest hits you but does no damage.
You barely miss the orc priest. You claw the orc priest.
The orc priest is severely wounded.
You feel sick.
The orc priest invokes the aid of Beogh against you.
Beogh smites you!
* * * LOW HITPOINT WARNING * * *
The orc barely misses you.
You sock the orc priest!
You kill the orc priest!
You have reached level 5!
Your demonic ancestry asserts itself...
A pair of antennae grows on your head!
Your +0 helmet falls away!
You die...

#....8...
#...8.8..
#..8._.8.
#...8.8..
#....8...
#........ .
#.####...
....############.#
#...
....og)@o........#
#...
<...#####.########
#... . #... #)..
##### #... ..#
#... #.# #...
########### #.#
#... #.........#
#.# #...
#.........#
#.####.#


You could see 2 orcs and a goblin.

Vanquished Creatures
  An orc priest (D:3)
  3 gnolls (D:2)
  3 adders
  3 oozes
  A worm (D:2)
  5 dart slugs
  2 orcs (D:3)
  2 ball pythons (D:1)
  A giant cockroach (D:1)
  4 goblins (D:1)
  3 hobgoblins
  3 kobolds
  A quokka (D:3)
  7 bats
  4 frilled lizards
  A quokka zombie (D:3)
  4 rats (D:1)
48 creatures vanquished.

Notes
Turn   | Place    | Note
-------+----------+-------------------------------------------
     0 | D:1      | tof the Demonspawn Gladiator began the quest for the Orb.
     0 | D:1      | Reached XP level 1. HP: 16/16 MP: 1/1
   271 | D:1      | Gained mutation: You have sharp toenails. [demonic ancestry]
   271 | D:1      | Reached XP level 2. HP: 17/22 MP: 2/2
   685 | D:1      | Gained mutation: Your flesh is cold resistant. (rC+) [demonic ancestry]
   685 | D:1      | Reached XP level 3. HP: 26/27 MP: 3/3
  1596 | D:2      | Reached skill level 1 in Armour
  1955 | D:2      | Gained mutation: You are immune to freezing clouds. [demonic ancestry]
  1955 | D:2      | Reached XP level 4. HP: 29/34 MP: 4/4
  2948 | D:3      | Noticed Demitroll's ghost (amateur DsGl)
  3447 | D:3      | Found a faded altar of an unknown god.
  3480 | D:3      | HP: 1/34 [orc priest/divine providence (12)]
  3481 | D:3      | Gained mutation: You have a pair of small antennae on your head. [demonic ancestry]
  3481 | D:3      | Reached XP level 5. HP: 1/39 MP: 5/5
  3481 | D:3      | Succumbed to an orc's poison

Vault maps used:
D:1:      tarquinn_simple_flora_water_c
D:3:      chequers_ecumenical_altar_simple_redux, eino_tiny_chamber

Skill      XL: |  1  2  3  4 |
---------------+-------------+-----
Throwing       | 2 3 |  3.1
Staves         | 3 |  3.7
Armour         | 1 |  1.3
Dodging        | 3 |  3.1
Fighting       | |  2.5

Action                   |  1- 3 |  4- 6 || total
-------------------------+-------+-------++-------
Melee: Quarterstaff      |    54 |    15 ||    69
       Kick              |    26 |    22 ||    48
       Spear             |    70 |    77 ||   147
  Use: Potion            |     2 |       ||     2
       Scroll            |       |     1 ||     1
  Eat: Chunk             |     3 |     5 ||     8
Armor: Leather armour    |    15 |       ||    15
       Scale mail        |    53 |    53 ||   106
Dodge: Dodged            |   108 |    59 ||   167

Table legend:
 A = Spawn XP
 B = Non-spawn XP
 C = Spawn XP percentage of total XP
 D = Spawn monster count
 E = Non-spawn monster count
 F = Spawn count percentage of total count
 G = Total turns spent on level
                    A         B        C        D         E        F      G
               +---------+---------+-------+---------+---------+-------+---------
         Total |       0 |     224 |   0.0 |       0 |      48 |   0.0 |  3481
               +---------+---------+-------+---------+---------+-------+---------
           D:1 |       0 |      50 |   0.0 |       0 |      24 |   0.0 |  1413
           D:2 |       0 |      89 |   0.0 |       0 |      11 |   0.0 |  1489
           D:3 |       0 |      85 |   0.0 |       0 |      13 |   0.0 |   579
               +---------+---------+-------+---------+---------+-------+---------
